 Dungeon Crawl Stone Soup version 0.29-a0-321-gf1c400731a (webtiles) character file.

Game seed: 7814656679214408721

1484 sammy202020 the Skirmisher (level 8, -8/64 HPs)
             Began as a Demonspawn Berserker on Apr 3, 2022.
             Was a Priest of Trog.
             Mangled by a cyclops (20 damage)
             ... on level 7 of the Dungeon on Apr 4, 2022.
             The game lasted 00:11:35 (6991 turns).

sammy202020 the Skirmisher (Demonspawn Berserker)   Turns: 6991, Time: 00:11:36

Health: -8/64      AC: 16    Str: 17    XL:     8   Next: 50%
Magic:  8/8        EV:  9    Int: 10    God:    Trog [***...]
Gold:   423        SH:  4    Dex: 14    Spells: 7/7 levels left

rFire   . . .      SeeInvis +   G - +1 whip (vamp)
rCold   + . .      Faith    .   (no shield)
rNeg    . . .      Spirit   .   E - +0 chain mail
rPois   .          Reflect  .   s - +1 hat
rElec   .          Harm     .   f - +0 cloak
rCorr   .          Rampage  .   (no gloves)
Will    .....                   (no boots)
Stlth   ..........              (no amulet)
HPRegen 0.20/turn               h - +4 ring of protection
MPRegen 0.11/turn               i - ring of see invisible

@: silenced
A: claws 2, condensation shield, weakness stinger 2, cold resistance 1, sturdy
frame 1
a: Renounce Religion


You were on level 7 of the Dungeon.
You worshipped Trog.
Trog was most pleased with you.
You visited 1 branch of the dungeon, and saw 7 of its levels.
You also visited: Sewer.

You collected 423 gold pieces.

Inventory:

Hand Weapons
 a - a +0 hand axe
 x - a +0 flail
 G - a +1 vampiric whip (weapon)
Missiles
 d - 24 poisoned darts (quivered)
 m - 5 atropa-tipped darts
 w - 2 curare-tipped darts
 I - 3 boomerangs
Armour
 f - a +0 cloak (worn)
 s - a +1 hat (worn)
 E - a +0 chain mail (worn)
Jewellery
 b - a ring of flight
 h - a +4 ring of protection (left claw)
 i - a ring of see invisible (right claw)
 r - a ring of protection from cold
 y - a ring of magical power
Wands
 g - a wand of acid (5)
 D - a wand of iceblast (13)
Scrolls
 e - 3 scrolls of blinking
 n - 4 scrolls of teleportation
 v - 2 scrolls of vulnerability
 F - 2 scrolls of identify
 J - a scroll of enchant weapon {unknown}
 K - a scroll of fear {unknown}
 L - a scroll of acquirement {unknown}
Potions
 c - 6 potions of lignification
 j - a potion of heal wounds
 k - 5 potions of brilliance
 o - a potion of mutation
 p - 2 potions of attraction
 q - 2 potions of cancellation
 t - a potion of curing
 u - a potion of resistance {unknown}
 z - 2 potions of invisibility {unknown}
 A - 2 potions of might {unknown}
 B - a potion of flight {unknown}
 H - a potion of ambrosia {unknown}


   Skills:
 * Level 5.9 Fighting
 * Level 5.4 Axes
 * Level 5.0 Armour
 + Level 3.7 Dodging
 * Level 3.7 Unarmed Combat


You had 7 spell levels left.
You didn't know any spells.
Your spell library was empty.

Dungeon Overview and Level Annotations

Branches:
Dungeon (7/15)             Temple (0/1) D:6           Sewer (visited)

Altars:
Vehumet

Shops:
D:1 [


Innate Abilities, Weirdness & Mutations

You have very sharp fingernails.
A meltable shield of frost defends you. (SH +4)
You have a tail ending in a sharp stinger.
Your flesh is cold resistant. (rC+)
Your movements are slightly less encumbered by armour. (ER -2)


Message History

There is an escape hatch in the floor here.
You slide downwards.
The hatch slams shut behind you.
Found twelve items.
You see here a +0 trident.
There are monsters nearby!
There are monsters nearby!
You hit the two-headed ogre.
The two-headed ogre is lightly wounded.
You barely miss the cyclops.
The vampire mosquito bites you but does no damage.
The two-headed ogre closely misses you.
The two-headed ogre hits you with a +0 giant club!
Okay, then.
You feel much better. The vampire mosquito bites you.
The vampire mosquito draws strength from your injuries!
The cyclops hits you but does no damage.
The wraith hits you but does no damage.
You feel a sense of dread.
G - a +1 vampiric whip (weapon)
You block the two-headed ogre's attack.
The two-headed ogre hits you but does no damage.
You barely miss the seven-headed hydra. You claw the seven-headed hydra.
The seven-headed hydra is lightly wounded.
The red ugly thing kicks you but does no damage.
The cyclops hits you but does no damage.
The wraith closely misses you.
You hit the seven-headed hydra. You tail-slap the seven-headed hydra.
The seven-headed hydra is lightly wounded.
The seven-headed hydra bites you.
The seven-headed hydra barely misses you.
The seven-headed hydra bites you.
The seven-headed hydra bites you but does no damage.
The seven-headed hydra bites you. The seven-headed hydra bites you!
The seven-headed hydra bites you. The red ugly thing closely misses you.
You block the vampire mosquito's attack.
The wraith hits you.
The two-headed ogre hits you with a +0 giant club!!
* * * LOW HITPOINT WARNING * * *
You block the two-headed ogre's attack. The cyclops hits you!!
You die...

####
##}[:##
##..)T.##
#...[DCy#
#u@"#
#..hCOW!#
##..$..##
##$)?##
####


You could see a seven-headed hydra, a red ugly thing, a two-headed ogre, 2
cyclopes, a troll, a wraith, a vampire mosquito and a howler monkey.

Vanquished Creatures
  A shadow (D:5)
  A steam dragon (D:6)
  A water moccasin (D:6)
  An ogre (D:5)
  5 kobold brigands
  A bullfrog (D:6)
  4 orc priests
  2 hounds
  A gnoll shaman (D:4)
  2 iguanas
  3 orc wizards
  3 gnolls (D:4)
  A river rat (D:3)
  12 adders
  A white imp (D:5)
  An ufetubus (D:4)
  6 worms
  2 dart slugs
  10 orcs
  6 bats
  9 endoplasms
  10 giant cockroaches
  8 goblins
  6 hobgoblins
  4 quokkas
  7 ball pythons
  8 kobolds
  7 rats
123 creatures vanquished.

Notes
Turn   | Place    | Note
-------+----------+-------------------------------------------
     0 | D:1      | sammy202020 the Demonspawn Berserker began the quest for
                  | the Orb.
     0 | D:1      | Reached XP level 1. HP: 18/18 MP: 1/1
    56 | D:1      | Found Cuicak's Antique Armour Shoppe.
  1030 | D:1      | Discovered your monstrous ancestry.
  1030 | D:1      | Gained mutation: You have a small tail. [demonic ancestry]
  1030 | D:1      | Reached XP level 2. HP: 24/24 MP: 2/2
  1573 | D:2      | Reached XP level 3. HP: 29/29 MP: 3/3
  2721 | D:3      | Reached XP level 4. HP: 36/36 MP: 4/4
  2791 | D:3      | Reached ** piety under Trog
  2903 | D:3      | Found a glowing drain.
  2934 | Sewer    | Entered a sewer
  3361 | Sewer    | Noticed a kobold brigand
  3378 | Sewer    | Killed a kobold brigand
  3379 | Sewer    | Gained mutation: You have sharp fingernails. [demonic
                  | ancestry]
  3379 | Sewer    | Reached XP level 5. HP: 42/42 MP: 5/5
  3602 | Sewer    | Gained mutation: You have a tail ending in a sharp stinger.
                  | [demonic ancestry]
  3602 | Sewer    | Reached XP level 6. HP: 45/48 MP: 6/6
  3672 | Sewer    | Reached skill level 1 in Unarmed Combat
  3703 | Sewer    | Gained mutation: Your flesh is cold resistant. (rC+)
                  | [potion of mutation]
  3703 | Sewer    | Gained mutation: Your movements are slightly less
                  | encumbered by armour. (ER -2) [potion of mutation]
  4651 | D:4      | Found a radiant altar of Vehumet.
  4784 | D:4      | Gained mutation: A meltable shield of frost defends you.
                  | (SH +4) [demonic ancestry]
  4784 | D:4      | Reached XP level 7. HP: 30/55 MP: 7/7
  5361 | D:5      | Entered Level 5 of the Dungeon
  5367 | D:5      | Noticed a shadow
  5385 | D:5      | Killed a shadow
  5386 | D:5      | Reached skill level 5 in Fighting
  5951 | D:5      | Gained mutation: You have very sharp fingernails. [demonic
                  | ancestry]
  5951 | D:5      | Reached XP level 8. HP: 59/62 MP: 8/8
  6165 | D:6      | Reached skill level 5 in Axes
  6388 | D:6      | Reached *** piety under Trog
  6797 | D:6      | Found a staircase to the Ecumenical Temple.
  6809 | D:6      | Reached skill level 5 in Armour
  6986 | D:7      | Noticed a troll
  6986 | D:7      | Noticed a seven-headed hydra
  6986 | D:7      | Noticed a cyclops
  6986 | D:7      | Noticed a red ugly thing
  6986 | D:7      | Noticed a two-headed ogre
  6986 | D:7      | Noticed a cyclops
  6991 | D:7      | Mangled by a cyclops

Illustrated notes

Levels and vault maps discovered:
D:1:      dpeg_arrival_shrine, layout_loops_corners, serial_glass,
          glass_columns_a, glass_columns_c, feat_on_display, item_on_display_a,
          minmay_strange_pillars, feat_on_display, serial_shops, shop
D:2:      minmay_general_purpose_star, layout_loops_ring, st_stairs_11
D:3:      minmay_roachtagon, layout_rooms, portal_sewer_entry_b
D:4:      layout_loops_ring, mainiacjoe_overflow_alcove_4,
          roderic_nine_men_s_morris, minmay_box_of_dots
D:5:      layout_cave_pools
D:6:      layout_rooms, minmay_temple_entry_hall
D:7:      minmay_the_grid_octo_2x2 [minmay_the_grid_octo_odd_swirl,
          minmay_the_grid_octo_clover, minmay_the_grid_octo_concentric,
          minmay_the_grid_octo_prize_big_c], layout_gridville,
          corexii_corridor_pit, minmay_holes, bh_walls_and_bars, uniq_menkaure

Skill      XL: |  1  2  3  4  5  6  7  8 |
---------------+-------------------------+-----
Armour         | 2 3 4 5 |  5.0
Axes           | 3 4 5 |  5.4
Dodging        | 2 3 |  3.7
Fighting       | 4 5 |  5.9
Unarmed Combat | 2 3 |  3.7

Action                   |  1- 3 |  4- 6 |  7- 9 || total
-------------------------+-------+-------+-------++-------
Melee: Hand axe          |   110 |   181 |   174 ||   465
       Tailslap          |    15 |    24 |    22 ||    61
       Punch             |     1 |     4 |     6 ||    11
       Whip              |       |       |     2 ||     2
Invok: Berserk           |     1 |     4 |     2 ||     7
       Trog's Hand       |       |     5 |     1 ||     6
  Use: Scroll            |       |    11 |     2 ||    13
       Potion            |       |     1 |     1 ||     2
Armor: Animal skin       |     6 |       |       ||     6
       Ring mail         |    44 |    89 |    48 ||   181
       Chain mail        |       |       |    41 ||    41
Dodge: Dodged            |    71 |    87 |   105 ||   263
Block: Other             |       |       |    30 ||    30

Table legend: (Time is in decaauts)
 A = Elapsed time spent in this place.
 B = Non-inter-level travel time spent in this place.
 C = Inter-level travel time spent in this place.
 D = Time resting spent in this place.
 E = Time spent auto-exploring this place.
 F = Levels seen in this place.
 G = Mean time per level.
                   A        B        C        D        E       F      G
               +--------+--------+--------+--------+--------+-----+--------+
         Total |   7205 |   6955 |    250 |    310 |   5313 |   8 |  900.6 |
       Dungeon |   6046 |   5796 |    250 |      0 |   4790 |   7 |  863.7 |
         Sewer |   1159 |   1159 |      0 |    310 |    522 |   1 | 1159.0 |
               +--------+--------+--------+--------+--------+-----+--------+

Top non-repeatable levels by time:
     D:2: 1439 daAuts
     D:1: 1211 daAuts
   Sewer: 1159 daAuts
     D:4: 1094 daAuts
     D:6: 844 daAuts
     D:5: 805 daAuts
     D:3: 646 daAuts
     D:7: 4 daAuts
